Map: Interloper LE

Players

Tanagra - Winner!

  • Race: Zerg Zerg
  • League: Diamond
  • Spawn Location: 5:00

sTandUhmAn

  • Race: Zerg Zerg
  • League: Diamond
  • Spawn Location: 11:00

VOD

Have the link to the VOD?

Description

Time

  • Played on: Oct. 10, 2017, 11:28 p.m.
  • Length: 5:51
Show
View Real Time Build Order
Export as new Build Order

Tanagra Zerg - Winner!

Build Orders: Hatch First 

Get SALT Encoding   

  12  0:01  Drone  
  13  0:13  Overlord  
  13  0:17  Drone  
  14  0:31  Drone x2  
  14  0:35  Drone  
  17  0:53  Hatchery  
  16  0:57  Drone  
  16  1:00  Drone  
  16  1:03  Extractor  
  17  1:15  Spawning Pool  
  16  1:18  Drone  
  16  1:21  Drone  
  18  1:28  Drone  
  19  1:43  Drone  
  20  2:04  Queen  
  20  2:05  Metabolic Boost  
  23  2:08  Zergling x4  
  23  2:11  Spine Crawler  
  23  2:12  Zergling x2  
  23  2:13  Zergling x2  
  25  2:17  Zergling x2  
  26  2:26  Baneling Nest  
  25  2:37  Overlord x2  
  21  2:50  Zergling x2  
  21  3:06  Zergling x4  
  21  3:07  Hatchery  
  22  3:23  Zergling x8  
  26  3:32  Zergling x2  
  27  3:42  Baneling  
  27  3:43  Baneling  
  27  3:45  Zergling x2  
  27  3:48  Queen  
  30  3:54  Zergling x6  
  31  4:10  Zergling x2  
  31  4:11  Zergling x2  
  27  4:38  Zergling x8  
  27  4:39  Zergling x4  
  28  4:56  Zergling x8  
  31  5:08  Roach Warren  
Show
View Real Time Build Order
Export as new Build Order

sTandUhmAn Zerg 

Build Orders: Pool First 

Get SALT Encoding   

  12  0:01  Drone  
  13  0:23  Spawning Pool  
  12  0:33  Drone  
  12  0:34  Drone  
  14  0:39  Overlord  
  14  1:09  Zergling x6  
  17  1:21  Zergling x2  
  18  1:32  Zergling x2  
  19  1:34  Hatchery  
  18  1:40  Queen  
  18  1:42  Drone  
  21  1:52  Overlord  
  21  2:15  Drone x2  
  23  2:17  Queen  
  25  2:40  Drone x2  
  23  2:55  Queen  
  25  3:01  Extractor  
  25  3:04  Roach Warren  
  23  3:08  Drone  
  23  3:09  Drone x6  
  30  3:19  Queen  
  31  3:47  Drone  
  31  3:48  Drone x3  
  35  3:50  Zergling x2  
  36  4:05  Overlord x2  
  27  4:16  Roach x3  
  29  4:29  Queen x2  
  16  4:45  Drone x7  
  19  5:10  Drone  
  19  5:11  Drone  
Tags
 
Add a new tag
Caveats
  • Supply blocks, unpowered buildings, or Contaminate may cause inaccurate times.
  • Supply counts are checked every 10 seconds.